 Dungeon Crawl Stone Soup version 0.21-a0-513-gdcb3f5e (webtiles) character file.

5124 Gerstahl the Fighter (level 10, -13/86 HPs)
             Began as a Demonspawn Gladiator on Dec 2, 2017.
             Was an Initiate of Gozag.
             Mangled by a two-headed ogre
             ... wielding a +0 giant club
              (18 damage)
             ... on level 8 of the Dungeon.
             The game lasted 00:15:22 (5362 turns).

Gerstahl the Fighter (Demonspawn Gladiator)         Turns: 5362, Time: 00:15:23

Health: -13/86     AC:  6    Str: 15    XL:     10   Next: 32%
Magic:  0/10       EV: 14    Int:  9    God:    Gozag
Gold:   618        SH:  0    Dex: 18    Spells: 9/9 levels left

rFire    . . .     SeeInvis .   a - +0 trident
rCold    . . .     Gourm    .   (no shield)
rNeg     . . .     Faith    .   b - +0 leather armour
rPois    .         Spirit   +   v - +0 helmet (curse)
rElec    .         Reflect  .   G - scarf {Spirit}
rCorr    .         Harm     .   (no gloves)
MR       .....                  (boots unavailable)
Stlth    +.........             j - amulet of regeneration
HPRegen  0.64/turn              (no ring)
MPRegen  0.12/turn              (no ring)

@: no status effects
A: hooves 3, iridescent scales 1, spiny 1
a: Potion Petition, Call Merchant, Bribe Branch, Renounce Religion


You were on level 8 of the Dungeon.
You worshipped Gozag.
Gozag was pleased with you.
You were not hungry.

You visited 2 branches of the dungeon, and saw 9 of its levels.

You collected 718 gold pieces.
You paid 100 gold pieces to Gozag.

Inventory:

Hand Weapons
 a - a +0 trident (weapon)
Missiles
 d - 4 throwing nets (quivered)
Armour
 b - a +0 leather armour (worn)
 c - a +0 helmet
 m - a +0 cloak
 o - a +0 shield
 v - a cursed +0 helmet (worn)
 G - a scarf of spirit shield (worn)
Magical Staves
 u - an uncursed staff of cold
Jewellery
 j - an amulet of regeneration (around neck)
 r - an uncursed ring of protection from magic {unknown}
 y - an uncursed ring of poison resistance {unknown}
 D - an uncursed ring of wizardry {unknown}
 F - an uncursed ring of flight {unknown}
Wands
 H - a wand of iceblast (4)
Scrolls
 g - 4 scrolls of remove curse {unknown}
 h - a scroll of fear {unknown}
 i - 11 scrolls of identify {unknown}
 k - 4 scrolls of teleportation {unknown}
 n - 3 scrolls of blinking {unknown}
 p - 4 scrolls of enchant armour {unknown}
 q - a scroll of enchant weapon {unknown}
 s - 2 scrolls of noise {unknown}
 A - a scroll of fog {unknown}
 C - a scroll of amnesia {unknown}
Potions
 e - a potion of curing
 l - a potion of ambrosia {unknown}
 t - a potion of degeneration
 z - 2 potions of flight {unknown}
 E - a potion of haste {unknown}
 I - a potion of magic {unknown}
Books
 x - a book of Changes

   Spells                             Type                      Level
   a - Beastly Appendage              Transmutation                1
   b - Sticks to Snakes               Transmutation                2
   c - Spider Form                    Transmutation/Poison         3
   d - Ice Form                       Ice/Transmutation            4
   e - Blade Hands                    Transmutation                5
Comestibles
 f - 6 bread rations
 w - a royal jelly


   Skills:
 + Level 10.3 Fighting
 + Level 9.7 Polearms
 - Level 1.7 Throwing
 + Level 3.2 Armour
 + Level 4.4 Dodging


You had 9 spell levels left.
You didn't know any spells.

Dungeon Overview and Level Annotations

Branches:
Dungeon (8/15)             Temple (1/1) D:6
   Lair: D:8-11

Altars:
Ashenzari
Cheibriados
Elyvilon
Fedhas
Gozag
Hepliaklqana
Kikubaaqudgha
Makhleb
Okawaru
Qazlal
Ru
Sif Muna
Trog
Vehumet
Wu Jian
Yredelemnul
Zin

Shops:
D:5 (

Annotations:
D:7 exclusion: statue


Innate Abilities, Weirdness & Mutations

You have hooves in place of feet.
You are partially covered in iridescent scales. (AC +2)
You are partially covered in sharp spines.


Message History

You are too injured to fight recklessly!
You are too injured to fight recklessly!
You are too injured to fight recklessly!
You hit the two-headed ogre but do no damage.
You kick the two-headed ogre, but do no damage.
The two-headed ogre is moderately wounded.
You hit the two-headed ogre. You kick the two-headed ogre.
The two-headed ogre is heavily wounded.
The two-headed ogre hits you with a giant club!!
* * * LOW HITPOINT WARNING * * *
The two-headed ogre hits you with a giant club!!
* * * LOW HITPOINT WARNING * * *
You hit the two-headed ogre. You kick the two-headed ogre.
The two-headed ogre is heavily wounded.
You hit the two-headed ogre.
You kick the two-headed ogre, but do no damage.
The two-headed ogre is severely wounded.
The two-headed ogre hits you with a giant club!!
You die...
Your body crumbles into a pile of gold.

#........##...............#<..)..
#........##........######.....##.
#.............................#..
#.........(............#....#.#..
#........(.............#....#...$
#.......(..............#....#....
#....).(...............#....#....
#......................##...#.#..
................@O.....##...#.#..
............≈(........###.....#..
............≈.........###.....#..
..........>......(............#..
......................###.))..#..
#.........................(...#..
###...................#..
#..........[[.......#O.
#.....$...$.$.$.$...#..


You could see a two-headed ogre.

Vanquished Creatures
  2 two-headed ogres (D:8)
  Maurice (D:8)
  Joseph (D:8)
  Grinder (D:6)
  2 hippogriffs (D:8)
  Menkaure (D:7)
  Duvessa (D:4)
  A phantom (D:4)
  2 orc warriors (D:8)
  A black bear (D:6)
  An ogre (D:2)
  4 centaurs
  A bullfrog (D:7)
  Dowan (D:4)
  4 scorpions
  4 howler monkeys
  2 crimson imps (D:6)
  A centaur zombie (D:6)
  3 bullfrog zombies
  A jelly (D:7)
  3 hounds
  A centaur skeleton (D:4)
  3 orc priests
  A bullfrog skeleton (D:4)
  An iguana (D:7)
  7 orc wizards
  Natasha (thrice) (D:4)
  6 worker ants
  A hound zombie (D:6)
  A howler monkey zombie (D:7)
  5 adders
  3 shadow imps
  An ooze (D:5)
  An adder zombie (D:4)
  2 worms
  3 dart slugs
  7 leopard geckos
  22 orcs
  A ball python (D:3)
  9 giant cockroaches
  2 goblins
  15 hobgoblins
  15 jackals
  8 kobolds
  5 quokkas
  4 bats
  8 frilled lizards
  A quokka skeleton (D:6)
  A quokka zombie (D:6)
  16 rats
191 creatures vanquished.

Notes
Turn   | Place    | Note
-------+----------+-------------------------------------------
     0 | D:1      | Gerstahl the Demonspawn Gladiator began the quest for the Orb.
     0 | D:1      | Reached XP level 1. HP: 16/16 MP: 1/1
   169 | D:1      | Gained mutation: You are partially covered in iridescent scales. (AC +2) [demonic ancestry]
   169 | D:1      | Reached XP level 2. HP: 8/23 MP: 2/2
   611 | D:1      | Gained mutation: You have large cloven feet. [demonic ancestry]
   611 | D:1      | Reached XP level 3. HP: 28/28 MP: 3/3
   699 | D:1      | Reached skill level 3 in Fighting
  1389 | D:2      | Noticed an ogre
  1400 | D:2      | Killed an ogre
  1400 | D:2      | Reached skill level 4 in Fighting
  1400 | D:2      | Gained mutation: You have hoof-like feet. [demonic ancestry]
  1400 | D:2      | Reached XP level 4. HP: 23/37 MP: 4/4
  1400 | D:2      | Reached XP level 5. HP: 26/42 MP: 5/5
  2119 | D:4      | Reached XP level 6. HP: 49/49 MP: 6/6
  2134 | D:4      | Reached skill level 5 in Fighting
  2134 | D:4      | Reached skill level 5 in Polearms
  2483 | D:4      | Noticed Duvessa
  2484 | D:4      | Noticed Dowan
  2498 | D:4      | Noticed Natasha
  2508 | D:4      | Killed Natasha
  2528 | D:4      | Killed Duvessa
  2528 | D:4      | Reached XP level 7. HP: 17/57 MP: 7/7
  2545 | D:4      | Killed Dowan
  2545 | D:4      | Reached skill level 6 in Fighting
  2591 | D:4      | Noticed Natasha
  2596 | D:4      | Killed Natasha
  2867 | D:4      | Found a snail-covered altar of Cheibriados.
  2880 | D:4      | Noticed Natasha
  2885 | D:4      | Killed Natasha
  2908 | D:5      | Entered Level 5 of the Dungeon
  3064 | D:5      | Found a burning altar of Makhleb.
  3166 | D:5      | Found a glowing silver altar of Zin.
  3333 | D:5      | Found Vikhlyle's Antique Weapon Shop.
  3519 | D:6      | Gained mutation: You are partially covered in sharp spines. [demonic ancestry]
  3519 | D:6      | Reached XP level 8. HP: 41/65 MP: 8/8
  3520 | D:6      | Reached skill level 7 in Fighting
  3614 | D:6      | Noticed Grinder
  3627 | D:6      | Killed Grinder
  3711 | D:6      | Found a staircase to the Ecumenical Temple.
  3726 | Temple   | Entered the Ecumenical Temple
  3773 | Temple   | Became a worshipper of Gozag Ym Sagoz the Greedy
  4208 | D:7      | Reached skill level 8 in Fighting
  4288 | D:7      | Noticed Menkaure
  4294 | D:7      | Killed Menkaure
  4341 | D:7      | Found a radiant altar of Vehumet.
  4386 | D:7      | Gained mutation: You have hooves in place of feet. [demonic ancestry]
  4386 | D:7      | Reached XP level 9. HP: 53/75 MP: 9/9
  4827 | D:8      | Reached skill level 9 in Fighting
  4833 | D:8      | Noticed a two-headed ogre
  4849 | D:8      | Killed a two-headed ogre
  5019 | D:8      | Noticed Maurice
  5027 | D:8      | Killed Maurice
  5027 | D:8      | Reached skill level 1 in Armour
  5086 | D:8      | Noticed Joseph
  5112 | D:8      | Found a hazy altar of Hepliaklqana.
  5125 | D:8      | Killed Joseph
  5125 | D:8      | Reached skill level 10 in Fighting
  5125 | D:8      | Reached XP level 10. HP: 30/85 MP: 1/10
  5207 | D:8      | Noticed a two-headed ogre
  5219 | D:8      | Killed a two-headed ogre
  5260 | D:8      | Noticed a two-headed ogre
  5360 | D:8      | HP: 4/86 [two-headed ogre/giant club (17)]
  5362 | D:8      | Mangled by a two-headed ogre

Vault maps used:
D:1:      tarquinn_simple_flora_water_b, minmay_stone_trees_medium,
          roderic_lattice_a, st_stairs_5, minmay_rat_gold_closets
D:3:      fountainhead
D:4:      cheibrodos_quashed, nicolae_overflow_hidden_temple, uniq_natasha,
          uniq_duvessa
D:5:      lemuel_doored_altar, makhleb_grotto_becter, first_bread, serial_shops,
          shop
D:6:      minmay_temple_entry_glassed_door, uniq_grinder
D:7:      vehumet_statue, uniq_menkaure
D:8:      nicolae_overflow_crystal_walls, hangedman_little_slice_of_home,
          uniq_joseph, uniq_maurice
Temple:   nicolae_temple_elliptical

Skill      XL: |  1  2  3  4  5  6  7  8  9 10 |
---------------+-------------------------------+-----
Polearms       | 3 4 5 6 8 9 |  9.7
Fighting       | 4 5 6 8 10 | 10.3
Armour         | 2 3 |  3.2
Dodging        | 3 4 |  4.4
Throwing       | |  1.7

Action                   |  1- 3 |  4- 6 |  7- 9 | 10-12 || total
-------------------------+-------+-------+-------+-------++-------
Melee: Trident           |   165 |   164 |   278 |    46 ||   653
       Kick              |    15 |    50 |    89 |    18 ||   172
Throw: Throwing net      |       |       |     2 |       ||     2
Invok: Potion Petition   |       |       |       |     1 ||     1
  Use: Potion            |       |     3 |     6 |     1 ||    10
 Stab: Sleeping          |     2 |       |     1 |       ||     3
       Held in net/web   |       |       |     2 |       ||     2
  Eat: Chunk             |     2 |     4 |     3 |       ||     9
       Royal jelly       |       |       |     1 |       ||     1
       Meat ration       |       |       |     1 |       ||     1
Armor: Leather armour    |    58 |    41 |    49 |     8 ||   156
Dodge: Dodged            |    75 |   101 |   124 |    37 ||   337

Table legend:
 A = Spawn XP
 B = Non-spawn XP
 C = Spawn XP percentage of total XP
 D = Spawn monster count
 E = Non-spawn monster count
 F = Spawn count percentage of total count
 G = Total turns spent on level
                    A         B        C        D         E        F      G
               +---------+---------+-------+---------+---------+-------+---------
         Total |       0 |    7321 |   0.0 |       0 |     191 |   0.0 |  5362
               +---------+---------+-------+---------+---------+-------+---------
           D:1 |       0 |      64 |   0.0 |       0 |      39 |   0.0 |  1101
           D:2 |       0 |     186 |   0.0 |       0 |      17 |   0.0 |   427
           D:3 |       0 |      89 |   0.0 |       0 |      20 |   0.0 |   570
           D:4 |       0 |     868 |   0.0 |       0 |      27 |   0.0 |   810
           D:5 |       0 |     166 |   0.0 |       0 |      11 |   0.0 |   585
           D:6 |       0 |     827 |   0.0 |       0 |      15 |   0.0 |   624
           D:7 |       0 |     872 |   0.0 |       0 |      32 |   0.0 |   641
           D:8 |       0 |    4249 |   0.0 |       0 |      30 |   0.0 |   521
               +---------+---------+-------+---------+---------+-------+---------
